AoeStats
← AllisFake

MegaRandom

506239848Analyzed
2v2 RM · 18d ago on Sep 12, 2026· 67m 7s· 4 players
Game mode
Random Map
Map size
Medium (4 player)
Population
200
Speed
Normal
Resources
Standard
Victory
Conquest
Starting age
Dark Age
Ending age
Imperial Age
RankedLock teamsTeams togetherTeam positionsShared explorationLock speedFull tech treeHidden civsTurbo modeCheats
Victory
Defeat
🇦🇷 Magyars · Argentina
996
+18
🇩🇪 Franks · Germany
994
+18
🇹🇷 Poles · Türkiye
1037
-18
🇹🇷 Vietnamese · Türkiye
1031
-18
faQQQQQ
9:07 Feudal Age
8:17 Loom
9:53 Double-Bit Axe
24:23 Castle Age
23:20 Gold Mining
23:24 Stone Mining
24:13 Scale Barding Armor
25:57 Bloodlines
25:50 Husbandry
29:36 Bow Saw
30:12 Wheelbarrow
29:27 Town Watch
31:21 Chain Barding Armor
32:41 Gold Shaft Mining
32:36 Fletching
35:19 Town Patrol
36:33 Corvinian Army
41:46 Imperial Age
39:54 Hand Cart
39:43 Town Patrol
42:06 Cavalier
44:32 Plate Barding Armor
46:11 Paladin
51:49 Horse Collar
52:30 Heavy Plow
53:37 Two-Man Saw
52:36 Light Cavalry
53:57 Hussar
58:41 Caravan
67:41 Crop Rotation
Strafexpedition
5:28 Loom
9:01 Feudal Age
11:42 Wheelbarrow
12:25 Double-Bit Axe
19:42 Castle Age
19:16 Scale Barding Armor
20:14 Forging
23:12 Bow Saw
29:53 Iron Casting
32:13 Chain Barding Armor
35:28 Gold Mining
39:18 Imperial Age
37:45 Scale Mail Armor
38:35 Caravan
39:30 Cavalier
40:43 Fletching
46:51 Pikeman
48:38 Blast Furnace
53:55 Hand Cart
53:28 Town Watch
53:12 Halberdier
53:55 Squires
55:10 Gold Shaft Mining
54:26 Stone Mining
56:30 Gambesons
57:07 Conscription
57:59 #83
57:03 Elite Throwing Axeman
58:26 Chain Mail Armor
58:47 Plate Barding Armor
58:51 Hoardings
58:19 Chivalry
59:00 Paladin
60:15 Plate Mail Armor
60:10 Town Patrol
60:36 Husbandry
63:01 Capped Ram
AllisFake
13:34 Feudal Age
15:08 Horse Collar
15:57 Double-Bit Axe
20:18 Castle Age
18:55 Forging
19:28 Bloodlines
20:30 Scale Barding Armor
21:21 Husbandry
21:34 Heavy Plow
21:08 Pikeman
23:14 Szlachta Privileges
25:34 Bow Saw
29:07 Iron Casting
28:54 Chain Barding Armor
33:44 Imperial Age
34:58 Gold Mining
34:45 Cavalier
37:47 Conscription
53:52 Elite Obuch
55:31 Wheelbarrow
55:48 Crop Rotation
57:39 Hand Cart
57:34 Squires
57:38 Scale Mail Armor
58:40 Blast Furnace
PARS
0:37 Loom
13:43 Feudal Age
21:17 Man-at-Arms
23:36 Double-Bit Axe
39:11 Horse Collar
39:24 Town Watch
45:25 Castle Age
46:30 Wheelbarrow
46:37 Squires
47:41 Bow Saw
50:00 Heavy Plow
50:46 Thumb Ring
51:41 Coinage
52:09 Wheelbarrow
52:11 Treadmill Crane
52:53 Murder Holes
54:34 Pikeman
56:50 Caravan
56:35 Elite Skirmisher
Connection lost

Rejoining the realm…

Still unreachable

The connection could not be restored.

Session expired

The server has moved on; the page needs a fresh start.